 Dungeon Crawl Stone Soup version 0.31-a0-221-gbddc013574 (webtiles) character file.

Game seed: 9681227606233501795

936 qw the Chopper (level 8, 0/51 HPs)
             Began as a Gargoyle Fighter on July 4, 2023.
             Slain by a wight
             ... wielding a +4 scimitar
              (7 damage)
             ... on level 6 of the Dungeon.
             The game lasted 00:01:26 (3477 turns).

qw the Chopper (Gargoyle Fighter)                   Turns: 3477, Time: 00:01:27

Health: 0/51       AC: 15    Str: 23    XL:     8   Next: 12%
Magic:  8/8        EV:  8    Int:  8    God:
Gold:   332        SH:  4    Dex:  9    Spells: 7/7 levels left

rFire   . . .        Y - +1 war axe (freeze)
rCold   . . .        c - +0 buckler
rNeg    + . .        i - +0 chain mail
rPois   inf          (no helmet)
rElec   +            (no cloak)
rCorr   .            b - +0 pair of gloves
SInv    .            (no boots)
Will    .....        (no amulet) Stlth
                     (no ring)
HPRegen 0.28/turn    (no ring)
MPRegen 0.11/turn

%: no passive effects
@: about to teleport
A: sickness immunity, AC +5, negative energy resistance 1, electricity
resistance, torment resistance 1, petrification resistance
a: no special abilities


You were on level 6 of the Dungeon.
You visited 1 branch of the dungeon, and saw 6 of its levels.

You collected 332 gold pieces.


Innate Abilities, Weirdness & Mutations

You are immune to sickness and miasma.
Your stone body is resilient. (AC +5)
You are immune to poison.
You resist negative energy. (rN+)
You are resistant to electric shocks. (rElec)
You are resistant to unholy torment.
You are immune to petrification.


   Skills:
 - Level 5.7 Fighting
 - Level 7.0 Axes
 + Level 1.4 Throwing
 - Level 3.2 Armour
 - Level 1.2 Dodging
 - Level 3.2 Shields


You had 7 spell levels left.
You didn't know any spells.
Your spell library was empty.

Inventory:

Hand Weapons
 n - a +0 flail
 Y - a +1 war axe of freezing (weapon)
Missiles
 k - 5 javelins (quivered)
Armour
 b - a +0 pair of gloves (worn)
 c - a +0 buckler (worn)
 i - a +0 chain mail (worn)
Scrolls
 a - 3 scrolls of teleportation
 h - a scroll of amnesia {unknown}
 m - a scroll of identify
Potions
 d - 2 potions of might
 e - 2 potions of enlightenment
 f - 2 potions of curing
 g - a potion of ambrosia {unknown}
 j - a potion of haste {unknown}
 l - a potion of mutation {unknown}

Dungeon Overview and Level Annotations

Branches:
Dungeon (6/15)
 Temple: D:4-7

Altars:
Elyvilon
Qazlal
Zin

Shops:
D:5 :


Message History

You hit Menkaure. You freeze Menkaure.
Menkaure is heavily damaged.
Menkaure hits you.
You hit Menkaure.
Menkaure is heavily damaged.
You hit the iguana but do no damage.
The iguana bites you but does no damage.
You hit Menkaure.
Menkaure is severely damaged.
You slash the iguana!
The iguana seems to slow down.
You freeze the iguana. Menkaure hits you! The iguana completely misses you.
You slash the iguana!
The iguana seems to slow down.
You freeze the iguana.
You kill the iguana!
You slash Menkaure! You freeze Menkaure. Menkaure hits you!
You hit Menkaure.
Menkaure is almost destroyed.
Menkaure calls on the powers of darkness!
Your body is wracked with pain!
A wight comes into view. It is wielding a +2 war axe.
You hear a shout! x2
You barely miss Menkaure.
Menkaure is almost destroyed.
Menkaure hits you!
3475 ||| READING 4 scrolls of teleportation.
As you read the scroll of teleportation, it crumbles to dust.
You feel strangely unstable. The wight hits you but does no damage.
Menkaure calls on the powers of darkness!
You feel a surge of unholy energy.
You hit Menkaure.
You destroy Menkaure!
You hit the wight. The wight barely misses you.
Your Fighting skill increases to level 5!
You have reached level 8!
You feel stronger.
You hit the wight.
The wight is moderately damaged.
The wight hits you with a +4 scimitar!
You die...

..z .## .M### ..#
..#l #..# ... ... ##
.. .. ##. .#.#
...##..###..##
.......z##...#
....#...z.@...##
...##.........#
......#.###...#
.#....###.>..##
......####...#
.................#
.##......#.........#
#..................#
.........#.#..#...##


You could see 2 wights.

Vanquished Creatures
  Menkaure (D:6)
  2 ice beasts (D:5)
  A black bear (D:5)
  An ogre (D:4)
  A phantom (D:4)
  2 scorpions
  A hound (D:4)
  A jelly (D:4)
  A sleepcap (D:5)
  4 iguanas
  3 adders
  A worm (D:2)
  A dart slug (D:4)
  3 orcs
  3 ball pythons
  4 bats
  3 endoplasms
  A giant cockroach (D:3)
  5 goblins
  5 hobgoblins
  2 kobolds (D:4)
  6 quokkas
  5 rats
57 creatures vanquished.

Notes
Turn   | Place    | Note
-------+----------+-------------------------------------------
     0 | D:1      | qw the Gargoyle Fighter began the quest for the Orb.
     0 | D:1      | Reached XP level 1. HP: 14/14 MP: 1/1
     0 | D:1      | 0 ||| qw: Version: 0.3-a-40-ge99b1a8
     0 | D:1      | 0 ||| qw: Game counter: 643
     0 | D:1      | 0 ||| qw: Melee chars always use a shield: true
     0 | D:1      | 0 ||| qw: God list: Okawaru
     0 | D:1      | 0 ||| qw: Allow faded altars: false
     0 | D:1      | 0 ||| qw: Do Orc after clearing Dungeon:15 true
     0 | D:1      | 0 ||| qw: Do second Lair branch before Depths: true
     0 | D:1      | 0 ||| qw: Lair rune preference: random
     0 | D:1      | 0 ||| qw: Goals: Normal, Zot:1-4, Slime:5, God:TSO, Crypt,
                  | Tomb, Abyss, Pan, Hells, Win
     0 | D:1      | 0 ||| PLANNING D:1-11
    69 | D:1      | Reached skill level 2 in Axes
   115 | D:1      | Reached XP level 2. HP: 19/19 MP: 2/2
   486 | D:1      | Found a faded altar of an unknown god.
   649 | D:1      | 649 ||| UPGRADING to +0 chain mail.
   659 | D:1      | 659 ||| DROPPING +0 scale mail.
   660 | D:1      | 660 ||| READING 2 scrolls labelled GETSOI GIGGEROTZA.
   663 | D:1      | 663 ||| READING scroll labelled EDASCH ELUEGAA.
   664 | D:1      | 664 ||| READING 3 scrolls labelled RELIME NAPH.
   665 | D:1      | 665 ||| READING 2 scrolls of brand weapon.
   665 | D:1      | 665 ||| BRANDING +0 war axe of freezing.
   666 | D:1      | 666 ||| READING scroll of brand weapon.
   666 | D:1      | 666 ||| BRANDING +0 war axe of draining.
   667 | D:1      | 667 ||| DRINKING 2 brown potions.
   688 | D:2      | Reached skill level 3 in Axes
   723 | D:2      | Reached XP level 3. HP: 23/23 MP: 3/3
   967 | D:2      | Found a white marble altar of Elyvilon.
  1277 | D:2      | 1277 ||| READING scroll labelled MEOLUH VIET.
  1278 | D:2      | 1278 ||| DRINKING 3 fuming brown potions.
  1358 | D:3      | Found a stormy altar of Qazlal.
  1476 | D:3      | Reached XP level 4. HP: 28/28 MP: 4/4
  1807 | D:3      | 1807 ||| DROPPING +0 club.
  1936 | D:3      | 1936 ||| UPGRADING to +0 pair of gloves.
  1941 | D:3      | 1941 ||| DROPPING +2 scale mail of willpower.
  1942 | D:3      | 1942 ||| READING scroll labelled WUNAUCRI JOER.
  1943 | D:3      | 1943 ||| READING scroll labelled WAEMEEROIN.
  1989 | D:4      | Reached skill level 4 in Axes
  2013 | D:4      | Identified the +5 orcbow of Joyful Slaughter {heavy, rC+
                  | Str+3}
  2037 | D:4      | 2037 ||| Stepping ~*~*~tactically~*~*~ (stealth).
  2137 | D:4      | Noticed a scorpion
  2143 | D:4      | Killed a scorpion
  2144 | D:4      | Reached XP level 5. HP: 32/32 MP: 5/5
  2199 | D:4      | Reached skill level 5 in Axes
  2270 | D:4      | Noticed an ogre
  2280 | D:4      | Killed an ogre
  2281 | D:4      | Reached XP level 6. HP: 13/39 MP: 6/6
  2383 | D:4      | 2383 ||| DROPPING +0 mace.
  2403 | D:4      | Found a glowing silver altar of Zin.
  2507 | D:4      | 2507 ||| READING scroll labelled OMUUVI AQYSUAK UTI.
  2508 | D:4      | 2508 ||| READING scroll labelled MIAFOZ OZEAZU.
  2509 | D:4      | 2509 ||| READING scroll labelled WYLUFI VUTSAY.
  2622 | D:5      | Entered Level 5 of the Dungeon
  2622 | D:5      | Noticed an ice beast
  2635 | D:5      | Killed an ice beast
  2654 | D:5      | 2654 ||| FLEEEEING.
  2655 | D:5      | 2655 ||| STAIRDANCE
  2722 | D:5      | 2722 ||| STAIRDANCE
  2736 | D:4      | Reached skill level 6 in Axes
  2736 | D:4      | Reached XP level 7. HP: 41/44 MP: 7/7
  2749 | D:5      | 2749 ||| STAIRDANCE
  2839 | D:5      | Reached skill level 1 in Dodging
  3026 | D:5      | Reached skill level 1 in Throwing
  3125 | D:5      | Identified the +4 ring mail of Tuim {Int+7}
  3142 | D:5      | Found Ymauc's Vocational Training.
  3309 | D:5      | Reached skill level 7 in Axes
  3386 | D:5      | 3386 ||| DROPPING +4 ring mail of Tuim {Int+7}.
  3387 | D:5      | 3387 ||| READING 2 scrolls labelled UFAUZE SUUGGOGG.
  3388 | D:5      | 3388 ||| DROPPING scroll of vulnerability.
  3456 | D:6      | Noticed Menkaure
  3457 | D:6      | 3457 ||| Stepping ~*~*~tactically~*~*~ (hiding).
  3462 | D:6      | 3462 ||| Stepping ~*~*~tactically~*~*~ (stealth).
  3463 | D:6      | 3463 ||| Stepping ~*~*~tactically~*~*~ (stealth).
  3474 | D:6      | HP: 5/44 [Menkaure (10)]
  3475 | D:6      | 3475 ||| READING 4 scrolls of teleportation.
  3476 | D:6      | Killed Menkaure
  3477 | D:6      | Reached XP level 8. HP: 7/51 MP: 8/8
  3477 | D:6      | Slain by a wight

Levels and vault maps discovered:
D:1:      tarquinn_simple_flora_water_e, layout_rooms,
          dreamdust_ecumenical_altar_hidden_monk_grotto, skrybe_limestone_x,
          minmay_hedge_maze
D:2:      layout_loops_ring, basic_altar, roderic_filled_cross,
          kennysheep_flooded_box
D:3:      layout_basic, amcnicky_altar_gilded
D:4:      layout_cave_pools, zin_statuary
D:5:      layout_rooms, hangedman_decor_growths, nicolae_shop_vocational
D:6:      layout_cave_pools, grunt_temple_overflow_cloverleaf, uniq_eustachio,
          uniq_edmund, uniq_menkaure

Skill      XL: |  1  2  3  4  5  6  7 |
---------------+----------------------+-----
Axes           | 2 3 4 5 6 7 |  7.0
Fighting       | 4 5 |  5.7
Dodging        | 1 |  1.2
Throwing       | 1 |  1.4
Armour         | |  3.2
Shields        | |  3.2

Action                     |  1- 3 |  4- 6 |  7- 9 || total
---------------------------+-------+-------+-------++-------
  Melee: War axe           |    96 |    51 |    45 ||   192
  Throw: Javelin           |       |       |     4 ||     4
    Use: Scroll            |     6 |     5 |     2 ||    13
         Potion            |     2 |       |       ||     2
 Armour: Scale mail        |    27 |       |       ||    27
         Chain mail        |    24 |    25 |    33 ||    82
  Dodge: Dodged            |    34 |    19 |    20 ||    73
  Block: Buckler           |    17 |     3 |     5 ||    25

Table legend:
 A = Non-vault XP
 B = Vault XP
 C = Vault XP percentage of total XP
 D = Non-vault monster count
 E = Vault monster count
 F = Vault count percentage of total count
                 A         B        C        D         E       F
            +---------+---------+-------+---------+---------+-------
      Total |    1148 |     190 |  14.2 |      56 |       1 |   1.8
            +---------+---------+-------+---------+---------+-------
        D:1 |      29 |       0 |   0.0 |      16 |       0 |   0.0
        D:2 |      48 |       0 |   0.0 |      14 |       0 |   0.0
        D:3 |       9 |       0 |   0.0 |       5 |       0 |   0.0
        D:4 |     409 |       0 |   0.0 |      12 |       0 |   0.0
        D:5 |     616 |       0 |   0.0 |       8 |       0 |   0.0
        D:6 |      37 |     190 |  83.7 |       1 |       1 |  50.0
            +---------+---------+-------+---------+---------+-------
